 Dungeon Crawl Stone Soup version 0.26.0-10-g1f06aea511 (webtiles) character file.

Game seed: 16520633282106407713

65 sanka the Covert (level 4, -7/45 HPs)
             Began as a Naga Delver on Jan 20, 2021.
             Splashed by a jelly's acid (8 damage)
             ... on level 5 of the Dungeon.
             The game lasted 00:00:47 (188 turns).

sanka the Covert (Naga Delver)                       Turns: 188, Time: 00:00:49

Health: -7/45      AC: -1    Str: 14    XL:     4   Next: 13%
Magic:  4/4        EV:  9    Int: 12    God:
Gold:   0          SH:  0    Dex: 12    Spells: 3/3 levels left

rFire    . . .     SeeInvis +   h - +0 flail
rCold    . . .     Faith    .   (no shield)
rNeg     . . .     Spirit   .   b - +0 leather armour
rPois    +         Reflect  .   (no helmet)
rElec    .         Harm     .   (no cloak)
rCorr    .         Rampage  .   (no gloves)
Will     .....                  (no barding)
Stlth    +++.......             (no amulet)
HPRegen  0.15/turn              (no ring)
MPRegen  0.09/turn              (no ring)

@: corroded, very slow
A: large, see invisible, deformed body, poison resistance, slowness 2, spit
poison 1, AC +1
a: Spit Poison


You were on level 5 of the Dungeon.
You visited 1 branch of the dungeon, and saw 1 of its levels.


Innate Abilities, Weirdness & Mutations

You cannot wear boots.
Your serpentine skin is tough. (AC +1)
You have supernaturally acute eyesight. (SInv)
Armour fits poorly on your strangely shaped body.
Your system is resistant to poisons. (rPois)
You cover ground very slowly.
You can spit poison.


   Skills:
 + Level 4.4 Fighting
 - Level 2.0 Axes
 - Level 1.5 Dodging
 - Level 8.0 Stealth


You had 3 spell levels left.
You didn't know any spells.
Your spell library was empty.

Inventory:

Hand Weapons
 a - a +0 hand axe
 h - a +0 flail (weapon)
Armour
 b - a +0 leather armour (worn)
 i - a +0 plate armour
Wands
 g - a wand of digging (3)
Scrolls
 c - a scroll of fog
 d - 2 scrolls of magic mapping
 e - a scroll of fear
Potions
 f - a potion of haste {@q3}

Dungeon Overview and Level Annotations

Branches:
Dungeon (5/15)
 Temple: D:4-7

Altars:

▒▒▒▒▒▒▒▒▒ ▒........
▒..▒▒▒▒▒....▒▒≈▒
▒.>..†....▒ ▒≈≈▒▒ ...+
....▒▒▒▒▒..▒≈≈≈≈≈
▒..▒.▒ .
▒J▒▒≈▒≈≈▒≈≈▒...▒
▒N▒≈≈≈≈≈≈≈≈▒...▒
▒.≈≈▒≈≈≈▒≈≈▒...▒
▒.▒▒≈≈≈≈≈≈▒▒...▒▒▒
▒..▒≈≈▒≈≈≈≈......▒
▒..≈▒▒≈≈▒▒▒......▒
▒▒▒▒....≈≈▒▒........▒
....................>▒
.....▒▒▒▒▒.........▒▒▒
..... ▒.........▒


You could see a jelly.


Message History

The hound looks more healthy.
The hound stops to sniff the ground.
The hound bites you but does no damage.
You closely miss the hound.
The hound is almost dead.
The hound bites you.
* * * LOW HITPOINT WARNING * * *
The hound bites you.
* * * LOW HITPOINT WARNING * * *
You hit the hound.
You kill the hound!
The jelly barely misses you.
Your Fighting skill increases to level 4!
You have reached level 4!
You feel clever.
You sock the jelly!
Your hands burn!
* * * LOW HITPOINT WARNING * * *
The jelly is heavily wounded.
The jelly hits you but does no damage. The jelly completely misses you.
You hit the jelly.
Your hands burn!
* * * LOW HITPOINT WARNING * * *
The jelly is severely wounded.
The jelly hits you.
* * * LOW HITPOINT WARNING * * *
The acid corrodes you!
You are splashed with acid!
You die...

Action                   |  1- 3 |  4- 6 || total
-------------------------+-------+-------++-------
Melee: Flail             |    14 |     2 ||    16
 Abil: Spit Poison       |     4 |       ||     4
Armor: Leather armour    |     2 |     1 ||     3
Dodge: Dodged            |    12 |     1 ||    13

Levels and vault maps discovered:
D:5:      layout_basic, chequers_temple_overflow_statue_of_worship, minivault_4,
          uniq_ijyb, uniq_menkaure

Notes
Turn   | Place    | Note
-------+----------+-------------------------------------------
     0 | D:5      | sanka the Naga Delver began the quest for the Orb.
     0 | D:5      | Reached XP level 1. HP: 21/21 MP: 1/1
     5 | D:5      | Noticed a worker ant
    18 | D:5      | Reached skill level 8 in Stealth
    18 | D:5      | Reached XP level 2. HP: 19/28 MP: 2/2
   152 | D:5      | Reached XP level 3. HP: 36/36 MP: 3/3
   186 | D:5      | Reached skill level 4 in Fighting
   186 | D:5      | Reached XP level 4. HP: 9/45 MP: 4/4
   188 | D:5      | HP: 2/45 [acid (4)]
   188 | D:5      | Splashed by a jelly's acid

Vanquished Creatures
  A hound (D:5)
  A worker ant (D:5)
  An adder (D:5)
  A leopard gecko (D:5)
4 creatures vanquished.

Table legend: (Time is in decaauts)
 A = Elapsed time spent in this place.
 B = Non-inter-level travel time spent in this place.
 C = Inter-level travel time spent in this place.
 D = Time resting spent in this place.
 E = Time spent auto-exploring this place.
 F = Levels seen in this place.
 G = Mean time per level.
                   A        B        C        D        E       F      G
               +--------+--------+--------+--------+--------+-----+--------+
         Total |    213 |    213 |      0 |     95 |     21 |   1 |  213.0 |
       Dungeon |    213 |    213 |      0 |     95 |     21 |   1 |  213.0 |
               +--------+--------+--------+--------+--------+-----+--------+

Top non-repeatable levels by time:
     D:5: 213 daAuts
